 Dungeon Crawl Stone Soup version 0.16-a0-3939-g9a3e665 (console) character file.

88785 MarvinPA the Basher (level 15, -19/112 HPs)
             Began as a Mummy Skald on Feb 6, 2015.
             Was an Initiate of Gozag.
             Killed from afar by Frances (51 damage)
             ... with an iron shot
             ... on level 15 of the Dungeon.
             The game lasted 01:47:21 (36973 turns).

MarvinPA the Basher (Mummy Skald)                  Turns: 36973, Time: 01:47:21

Health: -19/112    AC: 10    Str: 15    XL:     15   Next: 47%
Magic:  29/29      EV: 19    Int: 15    God:    Gozag
Gold:   1032       SH:  0    Dex: 17    Spells: 8 memorised, 10 levels left

rFire  + . .     SeeInvis .     a - +14 plutonium sword {Contam Stlth-}
rCold  + + .     Clarity  .     e - +3 leather armour {MR+}
rNeg   + + +     SustAb   .     (no shield)
rPois  ∞         Gourm    .     r - +0 helmet
rElec  +         Spirit   .     g - +0 cloak
rCorr  +         Warding  .     b - +0 pair of gloves
rMut   .         Stasis   .     B - +0 pair of boots (curse)
MR     ++...                    K - amulet of regeneration
Stlth  ..........               R - +5 ring of dexterity
                                k - ring of protection from fire

@: about to teleport, resistant, very slightly contaminated, hasted, repel
missiles, very quick, very resistant to hostile enchantments, extremely
unstealthy
A: no food or potions, fire vulnerability, in touch with death, restore body,
cold resistance 1, negative energy resistance 3, poison resistance, torment
resistance, unbreathing
a: Self-Restoration, Potion Petition, Call Merchant, Bribe Branch, Renounce
Religion


You were on level 15 of the Dungeon.
You worshipped Gozag.
Gozag was noncommittal.
You were not hungry.

You visited 4 branches of the dungeon, and saw 28 of its levels.
You also visited: Labyrinth, Sewer and Ossuary.

You collected 10725 gold pieces.
You spent 1120 gold pieces at shops.
You paid 8573 gold pieces to Gozag.


Innate Abilities, Weirdness & Mutations

You do not eat or drink.
Your flesh is vulnerable to fire.
You are in touch with the powers of death.
You can restore your body by infusing magical energy.
Your flesh is cold resistant.
You are immune to negative energy.
Your system is resistant to poisons.
You are immune to unholy pain and torment.
You can survive without breathing.


   Skills:
 - Level 8.5 Fighting
 + Level 7.0 Long Blades
 - Level 14.0 Maces & Flails
 - Level 0.7 Armour
 - Level 10.6 Dodging
   Level 4.2 Shields
 - Level 6.7 Spellcasting
 - Level 2.5 Hexes
 - Level 8.4 Charms
 - Level 6.0 Translocations


You had 10 spell levels left.
You knew the following spells:

 Your Spells              Type           Power        Failure   Level  Hunger
a - Shroud of Golubria    Chrm/Tloc      ####......   1%          2    N/A
b - Blink                 Tloc           N/A          1%          2    N/A
c - Spectral Weapon       Hex/Chrm       ###.....     6%          3    N/A
d - Repel Missiles        Chrm/Air       ###...       6%          2    N/A
f - Flight                Chrm/Air       ###.......   12%         3    N/A
s - Swiftness             Chrm/Air       ###.....     6%          2    N/A
x - Song of Slaying       Chrm           ####....     1%          2    N/A
z - Infusion              Chrm           ####..       1%          1    N/A

Inventory:

Hand weapons
 a - the +14 plutonium sword (weapon) {Contam Stlth-}
   (You bought it in a shop on level 4 of the Orcish Mines)

   It causes magical contamination when unequipped.
   It makes you less stealthy.
Missiles
 f - 36 tomahawks (quivered)
 H - 6 throwing nets {=f}
Armour
 b - a +0 pair of gloves (worn)
 c - a +1 leather armour of magic resistance
 e - a +3 leather armour of magic resistance (worn)
 g - a +0 cloak (worn)
 i - a +1 leather armour of cold resistance
 r - a +0 helmet (worn)
 B - a cursed +0 pair of boots (worn)
Rods
 d - a cursed +4 rod of ignition (12/12) {!a}
   (You found it in a labyrinth)
Jewellery
 k - a ring of protection from fire (left hand)
 m - a ring of wizardry
 K - an amulet of regeneration (around neck)
 M - the ring of Heteq {SustAb rPois+ rC+ Str+4}
   (You found it in a labyrinth)

   [ring of sustain abilities]

   It sustains your strength, intelligence and dexterity.
   It affects your strength (+4).
   It protects you from cold.
   It protects you from poison.
 R - a +5 ring of dexterity (right hand)
Magical devices
 y - a wand of digging (3)
 J - a wand of disintegration (14)
 Q - a wand of paralysis (9)
Scrolls
 h - 5 scrolls of blinking
 l - 3 scrolls of immolation {!r}
 q - 4 scrolls of recharging
 w - a scroll of teleportation {@r4}
 x - 2 scrolls of magic mapping
 A - 5 scrolls of remove curse
 D - 3 scrolls of fog
 I - 2 scrolls of torment
 L - a scroll of silence {!r}
 N - a scroll of fear
 P - 5 scrolls of identify {@r1}
Miscellaneous
 G - a lantern of shadows
 O - a fan of gales

Dungeon Overview and Level Annotations

Branches:
Dungeon (15/15)            Temple (1/1) D:5            Lair (8/8) D:11
  Swamp (0/5) Lair:5        Snake (0/5) Lair:6        Slime (0/6) Lair:8
    Orc (4/4) D:12            Elf (0/3) Orc:4        Vaults (0/5) D:13
 Depths: D:15

Altars:
Ashenzari
Cheibriados
Dithmenos
Elyvilon
Fedhas
Gozag
Kikubaaqudgha
Makhleb
Nemelex Xobeh
Okawaru
Qazlal
Ru
Sif Muna
Trog
Vehumet
Xom
Yredelemnul
Zin
The Shining One
Beogh

Shops:
D:4 (   D:14 :   Orc:4 }(!?

Annotations:
D:14 exclusions: electric eel and 2 more exclusions
D:15 Frances, Louise

.# ..# .. .
#..# ...# .
...# . .Z.
.#...#
...#..#.c@.#
##..#.#...#
?..........#
#.OM#
#...O.#
#......##
O..O..#
..O.#. £
#####


You could see Frances, an ogre mage, a two-headed ogre, 3 ogres, a centaur and a
centaur zombie.


Message History

The ghoul closely misses you. The ghoul claws you!!
* * * LOW HITPOINT WARNING * * *
Louise casts a spell.
Louise blinks!
Louise casts a spell.
Louise blinks!
Your surroundings suddenly seem different.
An ogre mage comes into view. It is wielding a spear.
The ogre mage shouts!
An ogre comes into view. It is wielding a giant club.
The ogre shouts!
A two-headed ogre comes into view.
It is wielding a dire flail and a giant club.
The two-headed ogre shouts in stereo!
An ogre comes into view. It is wielding a giant club.
The ogre shouts!
A centaur comes into view.
The centaur shouts!
You hear a horrible gurgling sound!
You hear a horrible gurgling sound!
The centaur wields a shortbow.
The centaur shoots an arrow.
The arrow misses you.
Found a scroll of identify.
Frances and a zombie come into view.
Enter note: good Read which item? (? for menu, Esc to quit)
As you read the scroll of teleportation {@r4}, it crumbles to dust.
You feel strangely unstable.
Frances whispers indecipherable words.
The iron shot hits you!
You die...
Your body crumbles into a pile of gold.

Action                   |  1- 3 |  4- 6 |  7- 9 | 10-12 | 13-15 || total
-------------------------+-------+-------+-------+-------+-------++-------
Melee: Mace              |   109 |   160 |       |       |       ||   269
       Unarmed           |       |    55 |       |       |       ||    55
       Flail             |       |    27 |   387 |   803 |  1198 ||  2415
       Triple sword      |       |       |       |       |   259 ||   259
 Fire: Blowgun           |       |       |       |     2 |       ||     2
Throw: Stone             |    97 |    55 |    28 |     4 |       ||   184
       Tomahawk          |       |       |       |       |     4 ||     4
 Cast: Infusion          |    15 |    32 |    31 |    22 |    29 ||   129
       Spectral Weapon   |       |     9 |    38 |    81 |   164 ||   292
       Song of Slaying   |       |     1 |     7 |    26 |    22 ||    56
       Shroud of Golubri |       |       |       |     1 |     1 ||     2
       Repel Missiles    |       |       |       |       |     1 ||     1
Invok: Potion Petition   |       |       |     1 |     4 |     9 ||    14
 Abil: Stop Singing      |       |       |       |     5 |     9 ||    14
Evoke: Wand              |       |     8 |     2 |    19 |     3 ||    32
       Fan of gales      |       |       |       |       |     1 ||     1
  Use: Scroll            |       |    11 |     2 |     6 |    15 ||    34
 Stab: Distracted        |       |     2 |     4 |     6 |    17 ||    29
       Sleeping          |       |       |       |     2 |     1 ||     3

Vault maps used:
D:1:      dpeg_arrival_three_same_balls, minivault_5, fountainhead
D:2:      uniq_sigmund
D:3:      first_bread, minmay_misc_feat_ornament, uniq_robin
D:4:      nicolae_ossuary_entry_giza, serial_shops,
          nicolae_shop_overgrown_old_shop, roderic_lattice_a, uniq_edmund
D:5:      lemuel_round_altar, vehumet_altar_wand_db, bloody_trog,
          gammafunk_temple_overflow_pools, temple_fountains
D:6:      okawaru_metal_pillars_3, gup_sewer_entry_bowl, uniq_natasha
D:8:      old_standard_altar
D:9:      serial_glass, glass_columns_b, glass_columns_c
D:10:     grunt_livestock, uniq_josephine, uniq_nergalle
D:11:     david_lair_generic, portal_ice_cave_entry_ice_beasts,
          serial_corexii_hall, corexii_hall_statues_l, corexii_hall_statues_l,
          kennysheep_small_spiral
D:12:     orc_0_dummy, serial_ice, serial_ice_g, serial_ice_a, serial_ice_m,
          serial_ice_e
D:13:     lightli_vaults_fourway_checkpoint
D:14:     serial_co_window_serial, co_window_paths_a, co_window_corner_a,
          co_window_paths_a, co_window_corner_a, co_window_of_opportunity_a,
          co_window_corner_a, co_window_paths_b, co_window_corner_b,
          co_window_broadway_b, co_window_broadway_b, serial_shops,
          shop_fountains, roderic_bipointed_swastika
D:15:     grunt_enter_depths_magical_seal, hangedman_decor_points,
          serial_undead, serial_undead_f, serial_undead_f, serial_undead_a,
          serial_undead_e, serial_undead_d, serial_undead_d, serial_undead_e,
          hangedman_decor_peaks_small, tgw_xom, uniq_urug, uniq_louise,
          uniq_azrael, uniq_frances
Temple:   jpeg_temple_clearing_12
Lair:1:   beast_lair_carwin_large_1, serial_bayou_shore_b,
          infiniplex_staircase_pool_2, serial_bayou_shore_b
Lair:2:   lemuel_ratsnest, lab_entry_generic, grunt_forest_large_clearings
Lair:3:   lemuel_centaur_altar, uniq_maud
Lair:4:   serial_bayou_shore_a, lemuel_fruit_fields
Lair:5:   swamp_mist_pool, uniq_harold, uniq_rupert
Lair:6:   dummy_snake_entry, worms_lemuel
Lair:7:   minivault_11
Lair:8:   wormcave, nicolae_slime_entry_slimehenge, special_room
Orc:1:    guppyfry_library_mini
Orc:3:    nicolae_orc_pool_cavern
Orc:4:    st_orc_open, abandoned_shop, kennysheep_orc_chapel
Lab:      labyrinth_skeletal_remains, nicolae_lab_checkerboard,
          nicolae_lab_garden, nicolae_lab_diamond
Sewer:    sewer_the_crocodile
Ossuary:  ossuary_tomb_3

Notes
Turn   | Place    | Note
--------------------------------------------------------------
     0 | D:1      | MarvinPA, the Mummy Skald, began the quest for the Orb.
     0 | D:1      | Reached XP level 1. HP: 16/16 MP: 3/3
    80 | D:1      | Reached skill level 2 in Maces & Flails
    80 | D:1      | Reached XP level 2. HP: 13/22 MP: 0/4
   531 | D:1      | Learned a level 2 spell: Shroud of Golubria
  1242 | D:2      | Reached XP level 3. HP: 24/27 MP: 1/6
  1292 | D:2      | nice
  1611 | D:2      | Learned a level 3 spell: Spectral Weapon
  1701 | D:2      | Reached skill level 1 in Translocations
  1826 | D:2      | Noticed Sigmund
  1827 | D:2      | rip
  3079 | D:3      | Reached XP level 4. HP: 23/33 MP: 7/7
  3200 | D:3      | Reached skill level 1 in Hexes
  3202 | D:3      | Noticed Robin
  3402 | D:2      | Reached skill level 3 in Maces & Flails
  3797 | D:2      | Killed Sigmund
  3797 | D:2      | Reached skill level 2 in Hexes
  3797 | D:2      | Reached XP level 5. HP: 20/38 MP: 1/9
  3945 | D:2      | Learned a level 2 spell: Song of Slaying
  4256 | D:3      | Killed Robin
  5602 | D:4      | Got a shimmering jade amulet
  5613 | D:4      | Identified the amulet "Choi" {rCorr +Inv rPois- MP+9} (You found it on level 4 of the Dungeon)
  5623 | D:4      | good
  5707 | D:4      | Found a sand-covered staircase.
  5715 | D:4      | oh
  5720 | D:4      | Reached skill level 4 in Maces & Flails
  5899 | Ossuary  | Entered an ossuary
  5950 | Ossuary  | Reached XP level 6. HP: 44/44 MP: 10/10
  6441 | D:4      | Noticed Edmund
  6469 | D:4      | Killed Edmund
  6469 | D:4      | Reached skill level 5 in Maces & Flails
  6475 | D:4      | good
  6913 | D:4      | Reached XP level 7. HP: 38/50 MP: 12/12
  7020 | D:4      | Found Wacwia's Antique Weapon Emporium.
  7545 | D:5      | Entered Level 5 of the Dungeon
  7584 | D:5      | Reached skill level 6 in Maces & Flails
  7657 | D:5      | Found a bloodstained altar of Trog.
  7701 | D:5      | Found a radiant altar of Vehumet.
  7766 | D:5      | Found a staircase to the Ecumenical Temple.
  7787 | Temple   | Entered the Ecumenical Temple
  7881 | Temple   | Became a worshipper of Gozag Ym Sagoz the Greedy
  7941 | D:5      | Found a stormy altar of Qazlal.
  8116 | D:5      | Got a crude mace
  8117 | D:5      | Identified the +3 mace of Triuczue {crush, Str+3} (You found it on level 5 of the Dungeon)
  8355 | D:5      | Found a glowing silver altar of Zin.
  8356 | D:5      | Found a blossoming altar of Fedhas.
  8538 | D:6      | Noticed Natasha
  8546 | D:6      | Killed Natasha
  8558 | D:6      | Reached skill level 7 in Maces & Flails
  8638 | D:6      | Found an iron altar of Okawaru.
  8718 | D:6      | Reached XP level 8. HP: 56/56 MP: 13/13
  8968 | D:6      | Reached skill level 8 in Maces & Flails
  9033 | D:6      | Reached skill level 3 in Charms
  9067 | D:6      | Found a glowing drain.
  9098 | Sewer    | Entered a sewer
  9150 | Sewer    | Reached skill level 3 in Spellcasting
  9715 | D:6      | Noticed Natasha
  9723 | D:6      | Killed Natasha
  9839 | D:6      | Noticed Natasha
  9849 | D:6      | Killed Natasha
  9954 | D:7      | Reached skill level 4 in Charms
 10088 | D:7      | Reached skill level 2 in Translocations
 10106 | D:7      | Reached XP level 9. HP: 43/61 MP: 14/18
 10671 | D:7      | Reached skill level 3 in Translocations
 10726 | D:8      | Found a sparkling altar of Nemelex Xobeh.
 10727 | D:8      | Reached skill level 1 in Dodging
 10736 | D:8      | Reached skill level 5 in Charms
 11193 | D:8      | Reached skill level 3 in Fighting
 11409 | D:8      | Reached skill level 2 in Dodging
 11561 | D:8      | Reached skill level 4 in Fighting
 11690 | D:8      | Reached skill level 3 in Dodging
 11811 | D:8      | Reached skill level 5 in Fighting
 12049 | D:9      | Reached skill level 4 in Dodging
 12198 | D:9      | Noticed a yaktaur
 12218 | D:9      | Killed a yaktaur
 12218 | D:9      | Reached XP level 10. HP: 50/76 MP: 19/19
 12384 | D:9      | Noticed a tengu warrior
 12397 | D:9      | Reached skill level 6 in Fighting
 12862 | D:9      | Killed a tengu warrior
 12862 | D:9      | Reached skill level 5 in Dodging
 13431 | D:9      | Reached skill level 1 in Shields
 13498 | D:9      | Reached skill level 2 in Shields
 13661 | D:10     | Entered Level 10 of the Dungeon
 13840 | D:10     | Reached skill level 3 in Shields
 14112 | D:10     | Reached skill level 4 in Shields
 14325 | D:10     | Noticed Josephine
 14352 | D:10     | Killed Josephine
 14352 | D:10     | Reached skill level 6 in Dodging
 14352 | D:10     | Reached XP level 11. HP: 58/83 MP: 20/20
 14654 | D:10     | Noticed Nergalle
 14666 | D:10     | Killed Nergalle
 14666 | D:10     | Reached skill level 9 in Maces & Flails
 14934 | D:10     | Noticed a hill giant
 14946 | D:10     | Killed a hill giant
 15130 | D:11     | Reached skill level 7 in Dodging
 15267 | D:11     | Found a staircase to the Lair.
 15379 | D:11     | HP: 7/83 [cyclops/large rock (39)]
 15381 | D:11     | HP: 1/83 [cyclops (7)]
 16476 | D:11     | Reached skill level 8 in Dodging
 16586 | D:10     | Reached skill level 10 in Maces & Flails
 16742 | Lair:1   | Entered Level 1 of the Lair of Beasts
 17290 | Lair:1   | Noticed a seven-headed hydra
 17359 | Lair:1   | Killed a seven-headed hydra
 17359 | Lair:1   | Reached XP level 12. HP: 48/89 MP: 1/21
 18093 | Lair:2   | Found a labyrinth entrance.
 18100 | Lair:2   | Reached skill level 6 in Charms
 18117 | Lab      | Entered a labyrinth
 19114 | Lab      | Noticed a minotaur
 19129 | Lab      | Killed a minotaur
 19214 | Lab      | Got a fine bronze ring
 19215 | Lab      | Got an ivory quarterstaff
 19227 | Lair:2   | Identified the ring of Heteq {SustAb rPois+ rC+ Str+4} (You found it in a labyrinth)
 19256 | Lair:2   | Identified a +4 rod of ignition (12/12) {!a} (You found it in a labyrinth)
 19558 | Lair:2   | Reached skill level 11 in Maces & Flails
 19571 | Lair:2   | Learned a level 2 spell: Swiftness
 20745 | Lair:3   | Noticed a seven-headed hydra
 20752 | Lair:3   | Killed a seven-headed hydra
 20752 | Lair:3   | Reached skill level 9 in Dodging
 21002 | Lair:3   | Noticed Maud
 21019 | Lair:3   | Killed Maud
 21159 | Lair:3   | Found a shattered altar of Ashenzari.
 22321 | Lair:4   | Reached skill level 12 in Maces & Flails
 22325 | Lair:4   | Reached XP level 13. HP: 74/95 MP: 17/22
 22822 | Lair:5   | Noticed Rupert
 22903 | Lair:5   | Killed Rupert
 23120 | Lair:5   | Noticed Harold
 23137 | Lair:5   | Killed Harold
 23217 | Lair:5   | Found a staircase to the Swamp.
 23583 | Lair:6   | Found a staircase to the Snake Pit.
 23713 | Lair:6   | Reached skill level 13 in Maces & Flails
 25232 | Lair:7   | Reached skill level 14 in Maces & Flails
 25465 | Lair:7   | Reached skill level 4 in Spellcasting
 25596 | Lair:7   | Reached skill level 7 in Charms
 25755 | Lair:8   | Entered Level 8 of the Lair of Beasts
 25762 | Lair:8   | Found a staircase to the Slime Pits.
 25774 | Lair:8   | ok
 26041 | Lair:8   | Reached skill level 5 in Spellcasting
 26046 | Lair:8   | Reached XP level 14. HP: 31/101 MP: 1/26
 26069 | Lair:8   | HP: 9/101 [manticore/volley of spikes (18)]
 26070 | Lair:8   | ow
 26784 | Lair:8   | Reached skill level 6 in Spellcasting
 26902 | Lair:8   | Reached skill level 8 in Charms
 27077 | Lair:8   | Found a runed door.
 27507 | Lair:8   | Got a transparent robe
 27518 | Lair:8   | Identified the cursed -5 robe of Awe {rN+ MR+ rCorr Int-2} (You found it on level 8 of the Lair of Beasts)
 27518 | Lair:8   | good
 27616 | Lair:8   | Reached skill level 7 in Fighting
 27993 | D:12     | Reached skill level 10 in Dodging
 28618 | D:12     | Found a staircase to the Orcish Mines.
 28627 | D:12     | Learned a level 2 spell: Repel Missiles
 28631 | D:12     | Learned a level 2 spell: Blink
 28877 | Orc:1    | Entered Level 1 of the Orcish Mines
 28993 | Orc:1    | Learned a level 3 spell: Flight
 29633 | Orc:2    | Reached skill level 4 in Translocations
 30741 | Orc:4    | Entered Level 4 of the Orcish Mines
 30759 | Orc:4    | HP: 9/104 [sun demon[an orc sorcerer] (12)]
 31211 | Orc:4    | Found a staircase to the Elven Halls.
 31218 | Orc:4    | Noticed Vidiiot's ghost (powerful DDFi)
 31333 | Orc:4    | Killed Vidiiot's ghost
 31333 | Orc:4    | Reached skill level 5 in Translocations
 31664 | Orc:4    | Reached skill level 6 in Translocations
 31674 | Orc:4    | Found Zaupp's Magic Scroll Boutique.
 31701 | Orc:4    | Found Xaqaf's Weapon Boutique.
 31705 | Orc:4    | Found Afauta's Gadget Emporium.
 31729 | Orc:4    | Found Vihi's Distillery.
 31950 | Orc:4    | Reached skill level 8 in Fighting
 32043 | Orc:4    | Found a roughly hewn altar of Beogh.
 32888 | Orc:4    | Bought the +14 plutonium sword {Contam Stlth-} for 1120 gold pieces
 32915 | Orc:4    | oh that works too
 32915 | Orc:4    | i guess i'll take the MR though
 32970 | Orc:4    | uh
 33088 | Orc:4    | stop going invisible
 33503 | Lair:2   | Reached skill level 1 in Long Blades
 33503 | Lair:2   | Reached XP level 15. HP: 102/112 MP: 26/29
 34085 | D:13     | Reached skill level 2 in Long Blades
 34258 | D:13     | Reached skill level 3 in Long Blades
 34263 | D:13     | Found a gate to the Vaults.
 34408 | D:13     | Reached skill level 4 in Long Blades
 34656 | D:13     | Reached skill level 5 in Long Blades
 34768 | D:13     | good
 35483 | D:14     | Reached skill level 6 in Long Blades
 35784 | D:14     | Found Fira's Book Shop.
 36423 | D:14     | hmmmmmm
 36429 | D:14     | ok maybe not wise
 36743 | D:15     | Entered Level 15 of the Dungeon
 36951 | D:15     | Noticed Louise
 36952 | D:15     | Reached skill level 7 in Long Blades
 36959 | D:15     | ow
 36959 | D:15     | HP: 10/112 [ghoul (26)]
 36973 | D:15     | Noticed Frances
 36973 | D:15     | good
 36973 | D:15     | Killed from afar by Frances

Vanquished Creatures
  Rupert (Lair:5)
  Maud (Lair:3)
  A minotaur (Lab)
  4 vault guards (D:13)
  Josephine (D:10)
  A fire dragon (Lair:8)
  The ghost of Vidiiot the Cleaver, a powerful DDFi of Makhleb (Orc:4)
  5 hydras
  Harold (Lair:5)
  2 centaur warriors
  2 ogre magi (Orc:4)
  A satyr (D:13)
  2 tengu warriors
  An orc high priest (Orc:4)
  Nergalle (D:10)
  A catoblepas (Lair:7)
  An unseen horror (D:13)
  A skeletal warrior (D:15)
  2 deep trolls (Orc:4)
  2 wolf spider zombies
  4 hill giants
  A lindwurm (Lair:8)
  3 ugly things
  2 orc sorcerers
  3 cyclopes
  3 griffons
  9 manticores
  4 elephants
  8 black mambas
  6 torpor snails (Lair:8)
  6 spiny frogs
  2 gargoyles
  A centaur skeleton (D:15)
  7 fire drakes
  4 yaktaurs
  15 komodo dragons
  2 tengu conjurers (D:15)
  10 two-headed ogres
  14 trolls
  8 blink frogs
  7 ravens
  10 slime creatures
  A polar bear (D:12)
  4 giant leeches (Lair:8)
  3 basilisks
  A boulder beetle (Lair:6)
  A hornet zombie (D:14)
  4 wyverns
  6 wraiths
  42 yaks
  A shadow (D:13)
  2 hogs (D:10)
  4 water elementals (D:14)
  A deep elf mage (D:13)
  16 wolves
  2 wargs (Orc:3)
  A vampire (D:12)
  A human (D:10)
  3 hungry ghosts
  5 hippogriffs
  Edmund (D:4)
  A mottled dragon (D:13)
  A hell hound (Lair:8)
  2 swamp worms (Lair:6)
  10 orc warriors
  A black bear (D:13)
  4 sky beasts
  3 wasps (Lair:8)
  9 porcupines
  13 water moccasins
  2 necrophages
  A phantom (D:8)
  11 ice beasts
  A boring beetle (Lair:6)
  28 ogres
  13 crocodiles
  9 centaurs
  Sigmund (D:2)
  5 brain worms
  A gnoll sergeant (D:12)
  12 giant frogs
  6 scorpions
  8 wights
  4 killer bees (D:8)
  6 electric eels
  3 goliath beetles
  5 crimson imps
  6 centaur zombies
  A giant frog zombie (D:13)
  4 jellies
  4 giant frog skeletons
  13 iguanas
  14 orc priests
  10 hell rats (Lair:2)
  A wasp zombie (D:6)
  14 hounds
  30 orc wizards
  Natasha (thrice) (D:6)
  13 worker ants
  A giant frog simulacrum (D:12)
  A killer bee zombie (D:9)
  A centaur simulacrum (D:12)
  22 sheep
  2 hound skeletons
  2 hound zombies (D:9)
  11 mummies
  A worker ant zombie (D:8)
  Robin (D:3)
  21 adders
  13 gnolls
  56 river rats
  3 giant mites
  3 shadow imps
  23 worms
  3 adder zombies
  6 oozes
  171 orcs
  A bat skeleton (D:6)
  A bat zombie (D:6)
  6 giant cockroaches
  2 gnoll zombies (Ossuary)
  23 goblins
  12 hobgoblins
  19 jackals
  12 quokkas
  A ball python (D:5)
  16 bats
  A giant cockroach zombie (D:6)
  3 giant geckos
  A giant gecko zombie (D:8)
  A giant newt (D:3)
  3 giant spores
  3 hobgoblin zombies
  23 kobolds
  4 kobold zombies (Ossuary)
  An orc zombie (Ossuary)
  A quokka skeleton (D:5)
  31 rats
  6 ballistomycetes
  A fungus (D:11)
  3 plants (Lair:8)
1049 creatures vanquished.

Vanquished Creatures (others)
  A slime creature (D:12)
  2 shadows (Lair:1)
  An air elemental (Orc:4)
  72 spectral weapons
  A giant spore (D:7)
  4 fungi
  10 plants
91 creatures vanquished.

Grand Total: 1140 creatures vanquished
